 Dungeon Crawl Stone Soup version 0.28-b1-1-g3c77fb2ed1 (webtiles) character file.

Game seed: 18086454839423605704

23303 Descartes the Placeless Troll (level 12, -11/111 HPs)
             Began as a Troll Warper on Jan 27, 2022.
             Was an Elder of Elyvilon.
             Mangled by a five-headed hydra (12 damage)
             ... on level 1 of the Lair of Beasts.
             The game lasted 00:34:23 (11668 turns).

Descartes the Placeless Troll (Troll Warper)       Turns: 11668, Time: 00:34:25

Health: -11/111    AC: 12    Str: 22    XL:     12   Next: 70%
Magic:  9/18       EV: 12    Int:  9    God:    Elyvilon [****..]
Gold:   644        SH:  0    Dex: 15    Spells: 4/20 levels left

rFire   . . .      SeeInvis .   A - +2 giant spiked club (flame)
rCold   . . .      Faith    .   (shield currently unavailable)
rNeg    . . .      Spirit   .   E - +3 steam dragon scales
rPois   +          Reflect  .   m - +1 hat of Pan-Flutes {rPois Will++ Regen+ Int-4}
rElec   .          Harm     .   G - +0 cloak
rCorr   .          Rampage  .   (gloves unavailable)
Will    ++...                   (boots unavailable)
Stlth   +.........              (no amulet)
HPRegen 1.88/turn               i - +6 ring of dexterity
MPRegen 0.16/turn               k - +4 ring of slaying

@: no status effects
A: large, unfitting armour, claws 3, regeneration 1, shaggy fur 1, tough skin 1
a: Renounce Religion, Purification, Heal Other, Heal Self


You were on level 1 of the Lair of Beasts.
You worshipped Elyvilon.
Elyvilon was greatly pleased with you.
You visited 3 branches of the dungeon, and saw 12 of its levels.

You collected 644 gold pieces.

Inventory:

Hand Weapons
 a - a +3 hunting sling of flaming
 j - a +2 trident of venom
 n - a +0 whip of electrocution
 A - a +2 giant spiked club of flaming (weapon)
Missiles
 c - 5 boomerangs of dispersal (quivered)
 d - 13 poisoned darts
 e - 5 curare-tipped darts
 h - 468 stones
 B - 93 sling bullets
Armour
 m - the +1 hat of Pan-Flutes (worn) {rPois Will++ Regen+ Int-4}
   (You found it on level 1 of the Lair of Beasts)

   Int:       It affects your intelligence (-4).
   rPois:     It protects you from poison.
   Regen:     It increases your rate of health regeneration.
   Will:      It greatly increases your willpower.
 E - +3 steam dragon scales (worn)
 G - a +0 cloak (worn)
Jewellery
 i - a +6 ring of dexterity (left claw)
 k - a +4 ring of slaying (right claw)
 l - a ring of willpower
 u - a ring of fire
 C - a ring of see invisible
 H - a ring of protection from cold
 J - a +4 ring of slaying
Wands
 w - a wand of polymorph (8)
 I - a wand of acid (4)
Scrolls
 b - 3 scrolls of blinking
 r - a scroll of amnesia
 s - a scroll of noise
 v - a scroll of fear
 x - 3 scrolls of teleportation
 y - 2 scrolls of identify
 D - a scroll of holy word
 F - a scroll of enchant weapon
Potions
 f - a potion of curing
 g - a potion of lignification
 o - 3 potions of ambrosia {unknown}
 p - 2 potions of attraction
 t - 2 potions of heal wounds {unknown}
 z - a potion of flight {unknown}
Miscellaneous
 q - a box of beasts


   Skills:
 - Level 5.0 Fighting
 - Level 1.2 Long Blades
 + Level 2.5 Maces & Flails
 - Level 0.8 Throwing
 + Level 3.0 Armour
 - Level 5.0 Dodging
 - Level 10.0 Unarmed Combat
 + Level 4.9 Spellcasting
 + Level 2.4 Hexes
 + Level 10.4 Translocations
 + Level 2.3 Air Magic
 + Level 3.3 Invocations
 + Level 2.7 Evocations


You had 4 spell levels left.
You knew the following spells:

 Your Spells              Type           Power      Damage    Failure   Level
a - Manifold Assault      Tloc           21%        N/A       10%         5
b - Blink                 Tloc           42%        N/A       1%          2
c - Apportation           Tloc           42%        N/A       1%          1
d - Teleport Other        Tloc           21%        N/A       1%          3
e - Silence               Hex/Air        3%         N/A       95%         5

Your spell library contained the following spells:

 Spells                   Type           Power      Damage    Failure   Level
 Gell's Gravitas          Tloc           21%        N/A       1%          3
 Lesser Beckoning         Tloc           21%        N/A       1%          3
 Shock                    Conj/Air       16%        1d4       16%         1
 Corpse Rot               Necr/Air       8%         N/A       22%         2
 Static Discharge         Conj/Air       4%         N/A       22%         2
 Animate Skeleton         Necr           4%         N/A       26%         1
 Summon Small Mammal      Summ           8%         N/A       26%         1
 Swiftness                Air            6%         N/A       28%         3
 Scorch                   Fire           4%         2d5       36%         2
 Dazzling Flash           Conj/Hex       8%         N/A       41%         3
 Airstrike                Air            3%         N/A       67%         4
 Dispel Undead            Necr           2%         3d7       94%         4
 Flame Wave               Conj/Fire      2%         2d4       94%         4
 Olgreb's Toxic Radiance  Pois           2%         N/A       94%         4
 Sticky Flame             Conj/Fire      2%         2d3       94%         4
 Agony                    Necr           2%         N/A       100%        5
 Death Channel            Necr           1%         N/A       100%        6
 Summon Cactus Giant      Summ           1%         N/A       100%        6
 Ozocubu's Refrigeration  Ice            1%         4d5       100%        7
 Ignition                 Fire           1%         3d3       100%        8


Dungeon Overview and Level Annotations

Branches:
Dungeon (8/15)             Temple (1/1) D:4            Lair (3/6) D:8
  Snake (0/4) Lair:3
  Swamp: Lair:2-4    Shoals: Lair:2-4

Altars:
Ashenzari
Cheibriados
Dithmenos
Elyvilon
Fedhas
Hepliaklqana
Kikubaaqudgha
Makhleb
Nemelex Xobeh
Qazlal
Ru
Sif Muna
Uskayaw
Vehumet
Wu Jian
Xom
Yredelemnul
Zin
The Shining One

Shops:
D:3 ?

Annotations:
Lair:1 avis's ghost, journeyman VSTm
Lair:3 2 transporters, exclusion: ice statue, Huasawuy's ghost, journeyman TrWz


Innate Abilities, Weirdness & Mutations

You are too large for most types of armour.
You have claws for hands.
Your natural rate of healing is unusually fast.
You are covered in fur. (AC +1)
You have tough skin. (AC +1)


Message History

The five-headed hydra barely misses you.
The five-headed hydra bites you. The five-headed hydra bites you!
You barely miss the five-headed hydra.
The five-headed hydra is moderately wounded.
The five-headed hydra bites you.
* * * LOW HITPOINT WARNING * * *
The five-headed hydra bites you!
* * * LOW HITPOINT WARNING * * *
The five-headed hydra bites you!
* * * LOW HITPOINT WARNING * * *
The five-headed hydra bites you.
* * * LOW HITPOINT WARNING * * *
The five-headed hydra bites you.
* * * LOW HITPOINT WARNING * * *
You are healed.
The five-headed hydra closely misses you.
The five-headed hydra bites you.
* * * LOW HITPOINT WARNING * * *
The five-headed hydra bites you.
* * * LOW HITPOINT WARNING * * *
The five-headed hydra bites you but does no damage. x2
You are healed.
Avis's ghost says, "You must not fail where I succeeded!"
The five-headed hydra bites you!
* * * LOW HITPOINT WARNING * * *
The five-headed hydra bites you!
* * * LOW HITPOINT WARNING * * *
The five-headed hydra bites you!
* * * LOW HITPOINT WARNING * * *
The five-headed hydra bites you!
* * * LOW HITPOINT WARNING * * *
The five-headed hydra misses you.
The blink frog blinks!
Casting: Manifold Assault (dangerous; 10% risk of failure)
Confirm with . or Enter, or press ? or * to list all spells.
Space momentarily warps into an impossible shape!
You barely miss avis's ghost. You miss the black mamba.
The five-headed hydra bites you.
* * * LOW HITPOINT WARNING * * *
The five-headed hydra bites you!
You die...

#P.....#.......#.............. ##
#......#SDY....#.......#.##.## ☼#
#......###F''###..##...####### 8#
#..................##.^####### .#
#.......W..................... 8#
#####.....#######P............ ≈#
### #..#### ### ###..#..###### ##
#.###...#####.#####...........
##........§WD@................
###P##.#..S##P.##............
#####...######.............
####### ##...# ##............
#..##.######..## ###............
..............#####..............
.................................
..P########...#######.....#######
...# ##....# ##...##


You could see a five-headed hydra, a black mamba and avis's ghost.

Vanquished Creatures
  2 hydras (Lair:1)
  A boulder beetle (Lair:1)
  Erica (Lair:2)
  A two-headed ogre (D:8)
  14 death yaks
  Nergalle (Lair:3)
  A lindwurm (Lair:1)
  A wolf spider (Lair:1)
  Joseph (D:7)
  A black mamba (Lair:1)
  6 cane toads
  Maggie (D:6)
  2 komodo dragons
  A rime drake (Lair:2)
  3 blink frogs (Lair:2)
  Grinder (D:3)
  3 jumping spiders (Lair:1)
  10 yaks
  3 basilisks
  A redback (Lair:1)
  A naga (Lair:3)
  2 orc warriors (D:6)
  10 water moccasins
  2 ogres
  2 ice beasts (D:6)
  A black bear (Lair:1)
  2 sky beasts
  2 necrophages
  2 phantoms (D:5)
  A kobold brigand (D:8)
  6 bullfrogs
  A gnoll sergeant (D:8)
  4 scorpions
  A wyvern skeleton (D:5)
  A water moccasin skeleton (D:6)
  4 killer bees (D:8)
  2 howler monkeys (D:5)
  2 lava snakes (Lair:1)
  A bullfrog zombie (D:6)
  2 bullfrog skeletons
  3 centaur zombies
  4 hounds
  A centaur skeleton (D:6)
  A gnoll shaman (D:6)
  2 orc priests
  2 jellies
  Jessica (D:3)
  2 iguanas
  3 orc wizards (D:6)
  A scorpion zombie (D:5)
  A killer bee zombie (D:7)
  9 gnolls
  6 adders
  2 shadow imps
  A white imp (D:6)
  An ufetubus (D:5)
  A dart slug (D:2)
  23 orcs
  6 ball pythons
  10 endoplasms
  2 giant cockroaches (D:2)
  6 goblins
  2 hobgoblins (D:2)
  7 kobolds
  8 quokkas
  4 bats
  4 rats
217 creatures vanquished.

Vanquished Creatures (others)
  6 fungi
  9 plants
15 creatures vanquished.

Grand Total: 232 creatures vanquished

Notes
Turn   | Place    | Note
-------+----------+-------------------------------------------
     0 | D:1      | Descartes the Troll Warper began the quest for the Orb.
     0 | D:1      | Reached XP level 1. HP: 19/19 MP: 1/1
   215 | D:1      | Reached XP level 2. HP: 27/27 MP: 2/2
   261 | D:1      | Found a faded altar of an unknown god.
   615 | D:1      | Prayed at the altar of an unknown god.
   615 | D:1      | Became a worshipper of Hepliaklqana the Forgotten
   615 | D:1      | Reached * piety under Hepliaklqana
   616 | D:1      | Fell from the grace of Hepliaklqana
  1600 | D:3      | Noticed Jessica
  1604 | D:3      | Killed Jessica
  1605 | D:3      | Was forgiven by Hepliaklqana
  1605 | D:3      | Reached XP level 3. HP: 27/33 MP: 3/3
  1622 | D:3      | Noticed Grinder
  1636 | D:3      | Killed Grinder
  1637 | D:3      | Reached XP level 4. HP: 34/41 MP: 4/4
  1637 | D:3      | Reached XP level 5. HP: 40/48 MP: 5/5
  2287 | D:3      | Found a hide-covered altar of Uskayaw.
  2296 | D:3      | Reached XP level 6. HP: 53/55 MP: 6/6
  2327 | D:3      | Found Odats's Magic Scroll Shoppe.
  2572 | D:4      | Reached skill level 5 in Unarmed Combat
  2756 | D:4      | Found a staircase to the Ecumenical Temple.
  2765 | Temple   | Entered the Ecumenical Temple
  2859 | Temple   | Became a worshipper of Elyvilon the Healer
  3258 | D:4      | Reached * piety under Elyvilon
  3292 | D:4      | Reached XP level 7. HP: 39/62 MP: 7/7
  3552 | D:5      | Entered Level 5 of the Dungeon
  3809 | D:5      | Reached XP level 8. HP: 67/70 MP: 8/8
  3887 | D:5      | Reached ** piety under Elyvilon
  4470 | D:5      | Learned a level 2 spell: Blink
  4476 | D:5      | Learned a level 5 spell: Manifold Assault
  4534 | D:6      | Reached skill level 5 in Translocations
  4659 | D:6      | Reached XP level 9. HP: 20/76 MP: 9/9
  4742 | D:6      | Found a stormy altar of Qazlal.
  4819 | D:6      | Reached skill level 10 in Unarmed Combat
  5011 | D:6      | Found a blossoming altar of Fedhas.
  5041 | D:6      | Noticed Maggie
  5048 | D:6      | Killed Maggie
  5133 | D:6      | Found an ornate altar of the Wu Jian Council.
  5231 | D:7      | Reached *** piety under Elyvilon
  5392 | D:7      | Noticed Joseph
  5400 | D:7      | Killed Joseph
  5824 | D:7      | Found an ancient bone altar of Kikubaaqudgha.
  5858 | D:8      | Noticed a death yak
  5858 | D:8      | Noticed a death yak
  5858 | D:8      | Reached **** piety under Elyvilon
  5858 | D:8      | Found a staircase to the Lair.
  5865 | D:8      | Noticed a death yak
  5867 | D:8      | Noticed a death yak
  5870 | D:8      | Noticed a death yak
  5873 | D:8      | Noticed a death yak
  5874 | D:8      | Noticed a death yak
  5875 | D:8      | Noticed a death yak
  5876 | D:8      | Killed a death yak
  5878 | D:8      | Noticed a death yak
  5884 | D:8      | Killed a death yak
  5885 | D:8      | Reached XP level 10. HP: 42/85 MP: 10/10
  5890 | D:8      | Killed a death yak
  5902 | D:8      | Killed a death yak
  5909 | D:8      | Killed a death yak
  5910 | D:8      | Reached skill level 10 in Translocations
  5922 | D:8      | Killed a death yak
  5931 | D:8      | Killed a death yak
  5949 | D:8      | Killed a death yak
  5950 | D:8      | Reached XP level 11. HP: 37/97 MP: 1/13
  5956 | D:8      | Killed a death yak
  6110 | Lair:1   | Entered Level 1 of the Lair of Beasts
  6344 | D:8      | Found a sparkling altar of Nemelex Xobeh.
  6367 | D:8      | Found a glowing golden altar of the Shining One.
  6716 | D:8      | Noticed a two-headed ogre
  6723 | D:8      | Killed a two-headed ogre
  7187 | Lair:1   | Found a runed translucent door.
  7187 | Lair:1   | Noticed a wolf spider
  7226 | Lair:1   | Noticed an eight-headed hydra
  7248 | Lair:1   | Killed a 12-headed hydra
  7249 | Lair:1   | Reached skill level 5 in Fighting
  7249 | Lair:1   | Reached skill level 5 in Dodging
  7379 | Lair:1   | Noticed avis's ghost (journeyman VSTm)
  7380 | Lair:1   | Noticed a five-headed hydra
  7384 | Lair:1   | Found a runed translucent gate.
  7384 | Lair:1   | Found a runed translucent gate.
  7406 | Lair:1   | Found a runed translucent gate.
  7466 | Lair:1   | Learned a level 1 spell: Apportation
  7470 | Lair:1   | Learned a level 3 spell: Teleport Other
  7476 | Lair:1   | Learned a level 5 spell: Silence
  7512 | Lair:1   | Noticed a seven-headed hydra
  7602 | Lair:2   | Noticed Erica
  7620 | Lair:2   | Killed Erica
  7905 | Lair:2   | Reached skill level 1 in Invocations
  8033 | Lair:2   | Reached skill level 1 in Armour
  8038 | Lair:2   | Reached skill level 1 in Evocations
  8128 | Lair:2   | Reached skill level 1 in Air Magic
  8136 | Lair:2   | Reached skill level 1 in Hexes
  8161 | Lair:2   | Reached skill level 1 in Long Blades
  8370 | Lair:2   | Reached XP level 12. HP: 17/111 MP: 17/17
  9372 | Lair:1   | Found a runed translucent gate.
  9374 | Lair:1   | Found a runed translucent gate.
  9374 | Lair:1   | Identified the +1 hat of Pan-Flutes {rPois Will++ Regen+
                  | Int-4}
  9424 | Lair:1   | Found a runed translucent gate.
  9424 | Lair:1   | Found a runed translucent gate.
  9424 | Lair:1   | Found a runed translucent gate.
  9424 | Lair:1   | Noticed a boulder beetle
  9425 | Lair:1   | Found a runed translucent gate.
  9441 | Lair:1   | Killed a boulder beetle
  9442 | Lair:1   | Reached skill level 1 in Maces & Flails
  9605 | Lair:1   | Found a runed translucent gate.
  9606 | Lair:1   | Found a runed translucent gate.
  9677 | Lair:1   | Killed a ten-headed hydra
  9799 | Lair:3   | Found a transporter.
  9806 | Lair:3   | Noticed a death yak
  9809 | Lair:3   | Noticed Huasawuy's ghost (journeyman TrWz)
  9834 | Lair:3   | Found a transporter.
  9849 | Lair:3   | Elyvilon protects you from harm!
  9977 | Lair:3   | Noticed a death yak
  9977 | Lair:3   | Noticed a death yak
  9978 | Lair:3   | Noticed a death yak
  9978 | Lair:3   | Noticed a death yak
  9982 | Lair:3   | Noticed a death yak
  9988 | Lair:3   | Killed a death yak
  9995 | Lair:3   | Killed a death yak
 10001 | Lair:3   | Killed a death yak
 10006 | Lair:3   | Killed a death yak
 10008 | Lair:3   | Killed a death yak
 10173 | Lair:3   | Reached ***** piety under Elyvilon
 10365 | Lair:3   | Found a staircase to the Snake Pit.
 10368 | Lair:3   | Noticed Nergalle
 10408 | Lair:3   | Killed Nergalle
 10987 | Lair:1   | Found a runed translucent gate.
 11665 | Lair:1   | HP: 3/111 [five-headed hydra (5)]
 11668 | Lair:1   | HP: 1/111 [five-headed hydra (4)]
 11668 | Lair:1   | Mangled by a five-headed hydra

Illustrated notes

Levels and vault maps discovered:
D:1:      tarquinn_simple_flora_water_d, layout_basic,
          ebering_ecumenical_altar_box
D:2:      layout_loops_ring
D:3:      layout_loops_corners, mainiacjoe_overflow_tiny_flanked, serial_shops,
          shop, uniq_grinder, uniq_jessica
D:4:      minmay_octagon_keep, layout_basic, minmay_temple_entry_grid
D:5:      layout_cave_pods, minmay_misc_feat_cross, dk_noncrumbling_4,
          minmay_misc_feat_diagonals
D:6:      layout_cave_pools, grunt_temple_overflow_forces_of_nature,
          marbit_many_paths, serial_park_tiny_1, uniq_maggie
D:7:      layout_cave_pools, lemuel_coloured_pillars_altar,
          kennysheep_generic_room_11, uniq_joseph
D:8:      layout_loops_ring, nemelex_spade_bored_becter, lemuel_crystal_altar,
          dpeg_lair_monsters
Temple:   nicolae_temple_hex_pool
Lair:1:   gammafunk_indiana_jones, layout_long_grid, gammafunk_ghost_split,
          chequers_serial_rivers_small_a, st_stairs_13
Lair:2:   layout_long_grid, uniq_erica
Lair:3:   layout_regular_city, guppyfry_snake_entry_island, nzn_ghost_randoct,
          minmay_lindwurm_lava, serial_bayou_shore_a, uniq_nergalle

Skill      XL: |  1  2  3  4  5  6  7  8  9 10 11 12 |
---------------+-------------------------------------+-----
Unarmed Combat | 4 6 8 9 10 | 10.0
Translocations | 3 4 5 9 10 | 10.4
Fighting       | 3 5 |  5.0
Dodging        | 3 5 |  5.0
Spellcasting   | 2 4 |  4.9
Invocations    | 1 3 |  3.3
Armour         | 1 3 |  3.0
Evocations     | 1 2 |  2.7
Air Magic      | 1 2 |  2.3
Hexes          | 1 2 |  2.4
Long Blades    | 1 |  1.2
Maces & Flails | 2 |  2.5
Throwing       | |  0.8

Action                   |  1- 3 |  4- 6 |  7- 9 | 10-12 || total
-------------------------+-------+-------+-------+-------++-------
Melee: Unarmed           |    71 |    57 |   213 |   228 ||   569
       Punch             |     2 |     1 |    12 |    25 ||    40
       Scimitar          |       |       |       |    53 ||    53
       Giant spiked club |       |       |       |   113 ||   113
       Trident           |       |       |       |    25 ||    25
 Fire: Hunting sling     |       |       |       |     3 ||     3
 Cast: Manifold Assault  |       |       |       |    18 ||    18
       Blink             |       |       |       |     7 ||     7
Invok: Renounce Religion |     1 |       |       |       ||     1
       Heal Self         |       |       |       |    18 ||    18
       Purification      |       |       |       |     4 ||     4
Evoke: Wand              |       |       |       |     6 ||     6
  Use: Potion            |       |       |     2 |     7 ||     9
       Scroll            |       |       |       |    16 ||    16
 Stab: Sleeping          |     1 |     1 |     1 |     1 ||     4
       Distracted        |       |     1 |       |       ||     1
Armor: Robe              |    28 |    17 |    40 |       ||    85
       Steam dragon scal |       |       |    16 |   157 ||   173
       Skin              |       |       |     4 |    22 ||    26
Dodge: Dodged            |    38 |    30 |   102 |   291 ||   461
